 Dungeon Crawl Stone Soup version 0.23.2-33-g5129a83184 (webtiles) character file.

Game seed: 13575029444325144350

355 Pizzadoos the Chiller (level 6, -17/50 HPs)
             Began as a Draconian Ice Elementalist on July 20, 2019.
             Was an Initiate of Okawaru.
             Demolished by an ogre
             ... wielding a +0 giant club
              (28 damage)
             ... on level 4 of the Dungeon.
             The game lasted 00:18:01 (4391 turns).

Pizzadoos the Chiller (Draconian Ice Elementalist)  Turns: 4391, Time: 00:18:03

Health: -17/50     AC:  9    Str: 11    XL:     6   Next: 36%
Magic:  10/10      EV: 13    Int: 17    God:    Okawaru [......]
Gold:   141        SH:  0    Dex: 11    Spells: 8/11 levels left

rFire    . . .     SeeInvis .   d - +2 hand axe (elec)
rCold    . . .     Gourm    .   (no shield)
rNeg     . . .     Faith    .   (armour unavailable)
rPois    .         Spirit   .   (helmet restricted)
rElec    .         Reflect  .   (no cloak)
rCorr    .         Harm     .   (no gloves)
MR       .....                  (no boots)
Stlth    +++.......             (no amulet)
HPRegen  0.16/turn              v - +3 ring of protection
MPRegen  0.12/turn              m - ring of stealth

@: lethally poisoned (-17 -> -18)
A: unfitting armour, cold-blooded, AC +6
a: Renounce Religion


You were on level 4 of the Dungeon.
You worshipped Okawaru.
Okawaru was noncommittal.
You were not hungry.

You visited 1 branch of the dungeon, and saw 4 of its levels.

You collected 141 gold pieces.

Inventory:

Hand Weapons
 d - a +2 hand axe of electrocution (weapon)
 p - a +1 spear of piercing
 t - a +0 fustibalus
Missiles
 c - 110 stones (quivered)
 e - 35 sling bullets
 i - 73 arrows
Jewellery
 m - a ring of stealth (right hand)
 r - an uncursed ring of positive energy
 s - an uncursed ring of stealth
 v - a +3 ring of protection (left hand)
 y - an uncursed ring of magical power
Scrolls
 f - 3 scrolls of teleportation {unknown}
 g - 4 scrolls of remove curse
 h - a scroll of enchant weapon {unknown}
 k - 3 scrolls of blinking
 n - 2 scrolls of amnesia {unknown}
 o - 4 scrolls of identify
 u - a scroll of noise {unknown}
 w - a scroll of immolation {unknown}
Potions
 a - a potion of ambrosia {unknown}
 j - a potion of lignification {unknown}
 l - a potion of mutation {unknown}
 q - a potion of might
 x - a potion of curing {unknown}
Comestibles
 b - 3 rations


   Skills:
 + Level 2.6 Fighting
 + Level 1.6(1.9) Axes
 - Level 1.2(1.7) Polearms
 + Level 3.0 Dodging
 + Level 3.1 Stealth
 + Level 3.1 Spellcasting
 - Level 1.0 Conjurations
 + Level 4.0 Ice Magic


You had 8 spell levels left.
You knew the following spells:

 Your Spells              Type           Power        Failure   Level  Hunger
a - Freeze                Ice            ###.         3%          1    None
b - Throw Frost           Conj/Ice       ##....       10%         2    ##.....

Your spell library contained the following spells:

 Spells                   Type           Power        Failure   Level  Hunger
 Ozocubu's Armour         Chrm/Ice       #.......     22%         3    ###....
 Throw Icicle             Conj/Ice       ##......     52%         4    ####...
 Summon Ice Beast         Ice/Summ       #.......     58%         4    ####...


Dungeon Overview and Level Annotations

Branches:
Dungeon (4/15)
 Temple: D:4-7

Altars:
Dithmenos
Okawaru
Trog
Yredelemnul

Annotations:
D:4 1 exclusion


Innate Abilities, Weirdness & Mutations

Your plain brown scales are hard. (AC +6)
You cannot fit into any form of body armour.
You are cold-blooded and may be slowed by cold attacks.


Message History

Okawaru accepts your kill.
You hit the adder. Lightning courses through the adder!
You kill the adder!
Okawaru accepts your kill.
Your Ice Magic skill increases to level 4!
The frilled lizard closely misses you.
The howler monkey hits you but does no damage.
You barely miss the frilled lizard. You barely miss the ogre.
You hit the howler monkey.
The frilled lizard bites you but does no damage.
The ogre barely misses you. The howler monkey barely misses you.
The frilled lizard misses you.
You hit the frilled lizard.
Lightning courses through the frilled lizard!
You kill the frilled lizard!
You hit the ogre. You hit the howler monkey.
You feel sick.
The howler monkey hits you but does no damage.
The ogre hits you with a +0 giant club!!
Ouch! That really hurt!
You die...

l...#####.........#)#.###.#
#.........#.###.#.....#.#
#######.###.###l#.#.#.#.#
#.# #.........#.#.# #.#
#######l#.....### ##.##
#.SS......... #...#
#.#.......###
#...######.#####...###
#......#..# #........
...............# #........
#...........#.####........
#####.........# #.........
#...####### #.##......
#...# #.##...... #...#
#.##.####.


You could see an ogre and a howler monkey.

Vanquished Creatures
  A howler monkey (D:4)
  A hound (D:4)
  2 worker ants (D:4)
  3 gnolls (D:2)
  8 adders
  2 oozes (D:1)
  4 worms
  An adder skeleton (D:4)
  2 leopard geckos
  5 orcs
  2 ball pythons
  14 bats
  5 giant cockroaches
  11 goblins
  12 hobgoblins
  12 jackals
  2 quokkas (D:4)
  6 frilled lizards
  8 kobolds
  2 leopard gecko skeletons (D:4)
  7 rats
110 creatures vanquished.

Notes
Turn   | Place    | Note
-------+----------+-------------------------------------------
     0 | D:1      | Pizzadoos the Draconian Ice Elementalist began the quest
                  | for the Orb.
     0 | D:1      | Reached XP level 1. HP: 14/14 MP: 3/3
    78 | D:1      | Reached XP level 2. HP: 20/22 MP: 0/5
   559 | D:1      | Reached skill level 1 in Fighting
   662 | D:1      | Reached XP level 3. HP: 27/28 MP: 6/6
   703 | D:1      | Learned a level 2 spell: Throw Frost
   920 | D:1      | Reached skill level 1 in Axes
  1425 | D:2      | Found an iron altar of Okawaru.
  1429 | D:2      | Became a worshipper of Warmaster Okawaru
  1627 | D:2      | Reached XP level 4. HP: 33/35 MP: 7/7
  1821 | D:2      | Found a basalt altar of Yredelemnul.
  1870 | D:2      | Reached skill level 1 in Polearms
  2356 | D:3      | Reached XP level 5. HP: 41/41 MP: 5/8
  3221 | D:3      | Found a bloodstained altar of Trog.
  3762 | D:4      | Noticed an ogre
  3849 | D:4      | Found a shadowy altar of Dithmenos.
  3892 | D:4      | Reached * piety under Okawaru
  3919 | D:4      | Reached XP level 6. HP: 19/50 MP: 4/10
  4389 | D:4      | Reached skill level 4 in Ice Magic
  4391 | D:4      | Demolished by an ogre

Skill      XL: |  1  2  3  4  5  6 |
---------------+-------------------+-----
Dodging        | 2 3 |  3.0
Stealth        | 2 3 |  3.1
Fighting       | 1 2 |  2.6
Axes           | 1 |  1.6
Polearms       | 1 |  1.2
Spellcasting   | 3 |  3.1
Ice Magic      | 4 |  4.0
Conjurations   | |  1.0

Action                   |  1- 3 |  4- 6 || total
-------------------------+-------+-------++-------
Melee: Hand axe          |    40 |    69 ||   109
       Unarmed           |     2 |       ||     2
       Tailslap          |     7 |    10 ||    17
       Spear             |    19 |    64 ||    83
 Cast: Freeze            |    31 |    70 ||   101
       Throw Frost       |     4 |     9 ||    13
  Use: Scroll            |       |     4 ||     4
 Stab: Sleeping          |     1 |     8 ||     9
       Distracted        |       |     1 ||     1
  Eat: Chunk             |     3 |     3 ||     6
       Ration            |       |     2 ||     2
Armor: Skin              |    42 |    86 ||   128
Dodge: Dodged            |    85 |   141 ||   226
